| TOP OF THE 1ST |
|
Biloxi Shuckers batting - Pitching for Pensacola Blue Wahoos : RHP Narciso Umbelino
|
|
Pitching: RHP Narciso Umbelino
|
|
|
Batting: SHB Aaron Neill
|
0-0: Ball 1-0: Ball 2-0: Called Strike 2-1: DOUBLE (Line Drive, 78D, EV 103.8 MPH)
|
|
Batting: LHB Jason Raker
|
0-0: Ball 1-0: Fly out, F8 (Flyball, 8RS, EV 86.9 MPH)
|
|
Batting: SHB Justin Hensley
|
0-0: Swinging Strike 0-1: Ball 1-1: Called Strike 1-2: Strikes out swinging, 2-3 out at first.
|
|
Batting: RHB Jeremy Harden
|
0-0: Ball 1-0: Ground out 5-3 (Groundball, 56, EV 103.1 MPH)
|
| Top of the 1st over - 0 runs, 1 hit, 0 errors, 1 left on base; Biloxi 0 - Pensacola 0 |
| BOTTOM OF THE 1ST |
|
Pensacola Blue Wahoos batting - Pitching for Biloxi Shuckers : RHP Brett Rosinsky
|
|
Pitching: RHP Brett Rosinsky
|
|
|
Batting: RHB Randy Grewe
|
0-0: Ball 1-0: Called Strike 1-1: Ball 2-1: Ball 3-1: Called Strike 3-2: Fly out, F7 (Flyball, 78D, EV 81.2 MPH)
|
|
Batting: RHB Solange Le Coq
|
0-0: Ball 1-0: Ball 2-0: Called Strike 2-1: Called Strike 2-2: SINGLE (Flyball, 8RM, EV 89.4 MPH)
|
|
Batting: RHB Jose Nunez
|
0-0: Called Strike Solange Le Coq steals 2nd base 0-1: SINGLE (Line Drive, 4D, EV 95.6 MPH) Solange Le Coq to third Runner from 3rd tries for Home, SAFE, throw by CF to home
|
|
Batting: RHB Andy Urquhart
|
0-0: Ball 1-0: Swinging Strike 1-1: 2-RUN HOME RUN (Flyball, 78XD, EV 106.2 MPH), Distance : 396 ft
|
|
Batting: RHB Mark Williams
|
0-0: Ground out 4-3 (Groundball, 4, EV 81.2 MPH)
|
|
Batting: RHB Armando Moz
|
0-0: Ball 1-0: SINGLE (Groundball, 6MD, EV 96.2 MPH)
|
|
Batting: RHB Jon Marquez
|
0-0: Ball 1-0: Ball 2-0: Ball 3-0: Foul Ball, location: 2F 3-1: Foul Ball, location: 2F 3-2: Base on Balls Armando Moz to second
|
|
Batting: RHB Ryan Short
|
0-0: Fielders Choice at 2nd, 6-4 (Groundball, 6, EV 85.6 MPH)
|
| Bottom of the 1st over - 3 runs, 4 hits, 0 errors, 2 left on base; Biloxi 0 - Pensacola 3 |
| TOP OF THE 2ND |
|
Biloxi Shuckers batting - Pitching for Pensacola Blue Wahoos : RHP Narciso Umbelino
|
|
Batting: LHB Rick Campbell
|
0-0: Called Strike 0-1: Ball 1-1: Foul Ball, location: 2F 1-2: Ground out 5-3 (Groundball, 56S, EV 70.0 MPH)
|
|
Batting: LHB Kwang-chih Men
|
0-0: Called Strike 0-1: Ball 1-1: Ball 2-1: Ground out 6-3 (Groundball, 6M, EV 96.9 MPH)
|
|
Batting: RHB Brian Landrum
|
0-0: Called Strike 0-1: Called Strike 0-2: Ball 1-2: Foul Ball, location: 2F 1-2: Foul Ball, location: 2F 1-2: Foul Ball, location: 2F 1-2: Foul Ball, location: 2F 1-2: Foul Ball, location: 2F 1-2: Ball 2-2: Foul Ball, location: 2F 2-2: Ball 3-2: SINGLE (Line Drive, 78S, EV 106.2 MPH)
|
|
Batting: RHB Dan Allred
|
0-0: Called Strike Pickoff Throw to First - Out! 1-3
|
| Top of the 2nd over - 0 runs, 1 hit, 0 errors, 0 left on base; Biloxi 0 - Pensacola 3 |
| BOTTOM OF THE 2ND |
|
Pensacola Blue Wahoos batting - Pitching for Biloxi Shuckers : RHP Brett Rosinsky
|
|
Batting: RHB Gabe Ochoa
|
0-0: Ball 1-0: Ball 2-0: Called Strike 2-1: Called Strike 2-2: Strikes out swinging
|
|
Batting: RHB Randy Grewe
|
0-0: Ball 1-0: Ball 2-0: Called Strike 2-1: Swinging Strike 2-2: Ball 3-2: SINGLE (Groundball, 34D, EV 102.5 MPH)
|
|
Batting: RHB Solange Le Coq
|
Pickoff Throw to First - Error! E1 Randy Grewe to second 0-0: Fly out, F8 (Flyball, 8RM, EV 84.4 MPH)
|
|
Batting: RHB Jose Nunez
|
0-0: Foul Ball, location: 2F 0-1: Ground out 5-3 (Groundball, 56D, EV 80.6 MPH)
|
| Bottom of the 2nd over - 0 runs, 1 hit, 1 error, 1 left on base; Biloxi 0 - Pensacola 3 |
| TOP OF THE 3RD |
|
Biloxi Shuckers batting - Pitching for Pensacola Blue Wahoos : RHP Narciso Umbelino
|
|
Batting: RHB Dan Allred
|
0-0: Ball 1-0: Called Strike 1-1: Foul Ball, location: 2F 1-2: Strikes out swinging
|
|
Batting: RHB Leo Serrano
|
0-0: Fly out, F8 (Flyball, 8RM, EV 72.5 MPH)
|
|
Batting: SHB Aaron Neill
|
0-0: Ground out 6-3 (Groundball, 6M, EV 86.2 MPH)
|
| Top of the 3rd over - 0 runs, 0 hits, 0 errors, 0 left on base; Biloxi 0 - Pensacola 3 |
| BOTTOM OF THE 3RD |
|
Pensacola Blue Wahoos batting - Pitching for Biloxi Shuckers : RHP Brett Rosinsky
|
|
Batting: RHB Andy Urquhart
|
0-0: Foul Ball, location: 2F 0-1: Ball 1-1: Foul Ball, location: 2F 1-2: Foul Ball, location: 2F 1-2: Ground out 5-3 (Groundball, 56S, EV 83.8 MPH)
|
|
Batting: RHB Mark Williams
|
0-0: Foul Ball, location: 2F 0-1: Ball 1-1: Called Strike 1-2: Foul Ball, location: 2F 1-2: Foul Ball, location: 2F 1-2: Ground out 4-3 (Groundball, 4, EV 88.1 MPH)
|
|
Batting: RHB Armando Moz
|
0-0: SINGLE (Line Drive, 78M, EV 88.1 MPH)
|
|
Batting: RHB Jon Marquez
|
0-0: Ball 1-0: Ball 2-0: Foul Ball, location: 2F 2-1: Ball 3-1: Fielders Choice at 2nd, 6-4 (Groundball, 6, EV 80.6 MPH)
|
| Bottom of the 3rd over - 0 runs, 1 hit, 0 errors, 1 left on base; Biloxi 0 - Pensacola 3 |
| TOP OF THE 4TH |
|
Biloxi Shuckers batting - Pitching for Pensacola Blue Wahoos : RHP Narciso Umbelino
|
|
Batting: LHB Jason Raker
|
0-0: Ball 1-0: Foul Ball, location: 2F 1-1: Ball 2-1: Ball 3-1: Called Strike 3-2: Base on Balls
|
|
Batting: SHB Justin Hensley
|
0-0: Ball 1-0: Called Strike Jason Raker is caught stealing 2nd base 2-6 1-1: Ball 2-1: Foul Ball, location: 2F 2-2: SINGLE (Line Drive, 6M, EV 95.0 MPH)
|
|
Batting: RHB Jeremy Harden
|
0-0: Called Strike 0-1: Called Strike 0-2: Strikes out swinging
|
|
Batting: LHB Rick Campbell
|
0-0: Ball 1-0: Ball 2-0: Ball 3-0: Called Strike 3-1: Foul Ball, location: 2F 3-2: Strikes out swinging
|
| Top of the 4th over - 0 runs, 1 hit, 0 errors, 1 left on base; Biloxi 0 - Pensacola 3 |
| BOTTOM OF THE 4TH |
|
Pensacola Blue Wahoos batting - Pitching for Biloxi Shuckers : RHP Brett Rosinsky
|
|
Batting: RHB Ryan Short
|
0-0: Called Strike 0-1: Ball 1-1: DOUBLE (Line Drive, 89D, EV 112.5 MPH)
|
|
Batting: RHB Gabe Ochoa
|
0-0: Ball 1-0: Ground out 5-3 (Groundball, 56S, EV 82.5 MPH)
|
|
Batting: RHB Randy Grewe
|
0-0: Ball 1-0: Ball 2-0: Called Strike 2-1: Ball 3-1: Foul Ball, location: 2F 3-2: Ground out 4-3 (Groundball, 4, EV 91.9 MPH) Ryan Short to third
|
|
Batting: RHB Solange Le Coq
|
0-0: Ground out 1-3 (Groundball, 13, EV 76.9 MPH)
|
| Bottom of the 4th over - 0 runs, 1 hit, 0 errors, 1 left on base; Biloxi 0 - Pensacola 3 |
| TOP OF THE 5TH |
|
Biloxi Shuckers batting - Pitching for Pensacola Blue Wahoos : RHP Narciso Umbelino
|
|
Batting: LHB Kwang-chih Men
|
0-0: Called Strike 0-1: Ball 1-1: SINGLE (Flyball, 78S, EV 88.8 MPH)
|
|
Batting: RHB Brian Landrum
|
0-0: SINGLE (Groundball, 56S, EV 73.1 MPH) (infield hit) Kwang-chih Men to second
|
|
Batting: RHB Dan Allred
|
0-0: Called Strike 0-1: Swinging Strike 0-2: Fielders Choice at 2nd, 5-4 (Groundball, 56D, EV 84.4 MPH) Kwang-chih Men to third
|
|
Batting: RHB Leo Serrano
|
0-0: Called Strike 0-1: Fielders Choice at 2nd, 5-4 (Groundball, 56, EV 104.4 MPH) Kwang-chih Men scores
|
|
Batting: SHB Aaron Neill
|
0-0: Ball 1-0: SINGLE (Line Drive, 8RS, EV 108.1 MPH) Leo Serrano to second
|
|
Batting: LHB Jason Raker
|
0-0: Ball 1-0: Ball 2-0: Ball 3-0: Base on Balls Leo Serrano to third Aaron Neill to second
|
|
Batting: SHB Justin Hensley
|
0-0: Called Strike 0-1: Ball 1-1: Ball 2-1: Ball 3-1: Base on Balls Leo Serrano scores Aaron Neill to third Jason Raker to second
|
|
Batting: RHB Jeremy Harden
|
0-0: Ball 1-0: Called Strike 1-1: Called Strike 1-2: Foul Ball, location: 2F 1-2: Strikes out swinging
|
| Top of the 5th over - 2 runs, 3 hits, 0 errors, 3 left on base; Biloxi 2 - Pensacola 3 |
| BOTTOM OF THE 5TH |
|
Pensacola Blue Wahoos batting - Pitching for Biloxi Shuckers : RHP Brett Rosinsky
|
|
Batting: RHB Jose Nunez
|
0-0: Called Strike 0-1: Ball 1-1: Foul Ball, location: 2F 1-2: Ball 2-2: Foul Ball, location: 2F 2-2: Fly out, F7 (Flyball, 7LS, EV 89.4 MPH)
|
|
Batting: RHB Andy Urquhart
|
0-0: Ball 1-0: Ball 2-0: Ball 3-0: Base on Balls
|
|
Batting: RHB Mark Williams
|
0-0: Called Strike Andy Urquhart steals 2nd base 0-1: Called Strike 0-2: Strikes out looking
|
|
Batting: RHB Armando Moz
|
0-0: Called Strike 0-1: Ball 1-1: Foul Ball, location: 2F 1-2: Strikes out swinging
|
| Bottom of the 5th over - 0 runs, 0 hits, 0 errors, 1 left on base; Biloxi 2 - Pensacola 3 |
| TOP OF THE 6TH |
|
Biloxi Shuckers batting - Pitching for Pensacola Blue Wahoos : RHP Narciso Umbelino
|
|
Batting: LHB Rick Campbell
|
0-0: Swinging Strike 0-1: Ball 1-1: Ground out 4-3 (Groundball, 4, EV 83.1 MPH)
|
|
Batting: LHB Kwang-chih Men
|
0-0: Reached on error, E4 (Groundball, 34, EV 80.6 MPH)
|
|
Batting: RHB Brian Landrum
|
0-0: Ball 1-0: Fielders Choice at 2nd, 6-4 (Groundball, 6, EV 98.8 MPH)
|
|
Batting: RHB Dan Allred
|
0-0: Foul Ball, location: 2F 0-1: Ball 1-1: Foul Ball, location: 2F 1-2: Ball 2-2: Ball Brian Landrum is caught stealing 2nd base 2-4
|
| Top of the 6th over - 0 runs, 0 hits, 1 error, 0 left on base; Biloxi 2 - Pensacola 3 |
| BOTTOM OF THE 6TH |
|
Pensacola Blue Wahoos batting - Pitching for Biloxi Shuckers : RHP Brett Rosinsky
|
|
Batting: RHB Jon Marquez
|
0-0: Ball 1-0: Called Strike 1-1: Called Strike 1-2: Foul Ball, location: 2F 1-2: Ball 2-2: Ball 3-2: Ground out 4-3 (Groundball, 4, EV 83.8 MPH)
|
|
Pitching: RHP Jim Strickland
|
|
|
Batting: RHB Ryan Short
|
0-0: Ball 1-0: Swinging Strike 1-1: Ball 2-1: Ball 3-1: SINGLE (Line Drive, 6D, EV 93.8 MPH)
|
|
Batting: RHB Gabe Ochoa
|
0-0: Ball 1-0: Called Strike 1-1: Foul Ball, location: 2F 1-2: Foul Ball, location: 2F 1-2: Strikes out swinging
|
|
Batting: RHB Randy Grewe
|
0-0: Called Strike 0-1: Ball 1-1: SINGLE (Groundball, 34D, EV 98.1 MPH) Ryan Short to second Runner from 2nd tries for 3rd, OUT! 9-5
|
| Bottom of the 6th over - 0 runs, 2 hits, 0 errors, 1 left on base; Biloxi 2 - Pensacola 3 |
| TOP OF THE 7TH |
|
Biloxi Shuckers batting - Pitching for Pensacola Blue Wahoos : RHP Narciso Umbelino
|
|
Batting: RHB Dan Allred
|
0-0: Ball 1-0: Ground out 3-1 (Groundball, 34S, EV 78.8 MPH)
|
|
Batting: RHB Leo Serrano
|
0-0: Foul Ball, location: 2F 0-1: Swinging Strike 0-2: Foul Ball, location: 2F 0-2: Ball 1-2: Foul Ball, location: 2F 1-2: Strikes out swinging
|
|
Batting: SHB Aaron Neill
|
0-0: Called Strike 0-1: Foul Ball, location: 2F 0-2: Foul Ball, location: 2F 0-2: Ball 1-2: Foul Ball, location: 2F 1-2: Ball 2-2: SINGLE (Groundball, 6S, EV 63.8 MPH) (infield hit)
|
|
Pitching: LHP Jerry Nero
|
|
|
Batting: LHB Jason Raker
|
Pickoff Play to 1st, Runner tries for 2nd, OUT after rundown.
|
| Top of the 7th over - 0 runs, 1 hit, 0 errors, 0 left on base; Biloxi 2 - Pensacola 3 |
| BOTTOM OF THE 7TH |
|
Pensacola Blue Wahoos batting - Pitching for Biloxi Shuckers : RHP Jim Strickland
|
|
Batting: RHB Solange Le Coq
|
0-0: Ball 1-0: SINGLE (Groundball, 6MD, EV 78.8 MPH) (infield hit)
|
|
Batting: RHB Jose Nunez
|
0-0: Ball Solange Le Coq is caught stealing 2nd base 2-4 1-0: Ground out U3 (Groundball, 34S, EV 72.5 MPH)
|
|
Batting: RHB Andy Urquhart
|
0-0: Ball 1-0: Called Strike 1-1: Ball 2-1: Ball 3-1: Foul Ball, location: 2F 3-2: Base on Balls
|
|
Batting: RHB Mark Williams
|
0-0: Ball 1-0: Foul Ball, location: 2F 1-1: Called Strike 1-2: Ball 2-2: Strikes out swinging
|
| Bottom of the 7th over - 0 runs, 1 hit, 0 errors, 1 left on base; Biloxi 2 - Pensacola 3 |
| TOP OF THE 8TH |
|
Biloxi Shuckers batting - Pitching for Pensacola Blue Wahoos : LHP Jerry Nero
|
|
Batting: LHB Jason Raker
|
0-0: Foul Ball, location: 2F 0-1: Ball 1-1: Ball 2-1: Fly out, F8 (Flyball, 8LM, EV 75.0 MPH)
|
|
Pitching: RHP Vladislav Prochazka
|
|
|
Batting: SHB Justin Hensley
|
0-0: Fly out, F8 (Flyball, 8LS, EV 91.2 MPH)
|
|
Batting: RHB Jeremy Harden
|
0-0: Foul Ball, location: 2F 0-1: Called Strike 0-2: DOUBLE (Line Drive, 7LD, EV 100.6 MPH)
|
|
Batting: LHB Rick Campbell
|
0-0: Ball 1-0: Ground out U3 (Groundball, 3, EV 111.2 MPH)
|
| Top of the 8th over - 0 runs, 1 hit, 0 errors, 1 left on base; Biloxi 2 - Pensacola 3 |
| BOTTOM OF THE 8TH |
|
Pensacola Blue Wahoos batting - Pitching for Biloxi Shuckers : RHP Jim Strickland
|
|
Pitching: RHP Drew Tollefsen
|
|
|
Batting: RHB Armando Moz
|
0-0: Foul Ball, location: 2F 0-1: Swinging Strike 0-2: Ball 1-2: Strikes out swinging
|
|
Batting: RHB Jon Marquez
|
0-0: Called Strike 0-1: Called Strike 0-2: Ball 1-2: Ground out 5-3 (Groundball, 5L, EV 83.1 MPH)
|
|
Batting: RHB Ryan Short
|
0-0: Ball 1-0: Called Strike 1-1: Foul Ball, location: 2F 1-2: Foul Ball, location: 2F 1-2: SINGLE (Groundball, 6D, EV 98.1 MPH)
|
|
Pinch Hitting: LHB Matthew Berry
|
0-0: Fielders Choice at 2nd, 6-4 (Groundball, 6, EV 79.4 MPH)
|
| Bottom of the 8th over - 0 runs, 1 hit, 0 errors, 1 left on base; Biloxi 2 - Pensacola 3 |
| TOP OF THE 9TH |
|
Biloxi Shuckers batting - Pitching for Pensacola Blue Wahoos : RHP Vladislav Prochazka
|
|
Pitching: RHP Dave Kurtz
|
|
|
Now at 2B: Jim Towle
|
|
|
Now at SS: Alex Velasquez
|
|
|
Batting: LHB Kwang-chih Men
|
0-0: Swinging Strike 0-1: Foul Ball, location: 2F 0-2: Ball 1-2: Strikes out swinging
|
|
Pinch Hitting: SHB Jerry Duffy
|
0-0: Ball 1-0: Ball 2-0: Swinging Strike 2-1: Ground out 4-3 (Groundball, 34, EV 86.9 MPH)
|
|
Batting: RHB Dan Allred
|
0-0: Swinging Strike 0-1: Called Strike 0-2: Strikes out swinging
|
| Top of the 9th over - 0 runs, 0 hits, 0 errors, 0 left on base; Biloxi 2 - Pensacola 3 |
|